Unix NetHack Version 5.0.0-0 post-release - last build May 17 2026 04:57:42 (dc50c8380fa5e20985bfe3072449f57b8d9895ef,branch:main).

Game began 2026-05-18 05:39:35, ended 2026-05-18 05:53:12.

2932467751, chaotic female elven Ranger

                                                        ---
                                          ---- -    -----.----
                                          |.....-- --......|.|
                                          |.......--....<....|
                                             -.....(........--     |
                                             --.  |..%.....--    ..|
                                              |   ---......|   -...|
                                                   --.|....| --....---
                                                   |..|.-..--........|
                                                 ---.......)............?....|
                                 --   ------------............--          ...|
                                 -.......*.......@r.*....d.|.--            -
                           -......     ----------...---..?----
                           |   |               |..[.| |...-
                                               --..)| |....
                                                |.).-----.-
                                                --.....|---
                                                 ---...|
                                                   |...|
                                                   |..--
                                                   ----
2932467751 the Lookout       St:15 Dx:11 Co:13 In:16 Wi:13 Ch:7  Chaotic
Dlvl:3  $:19 HP:0(26) Pw:19(19) AC:7  Xp:3 T:488 

Latest messages:
 The gnome lord vanishes!
 The grid bug is hit by an arrow!
 The grid bug is killed!
 Sirius misses the grid bug.
 Sirius misses the grid bug.
 Sirius bites the grid bug.
 Sirius bites the grid bug.
 The grid bug is killed!
 You see here a green gem.
 o - a green gem.
 The dwarf throws a dagger!
 You are hit by a dagger.
 The dwarf throws a dart!
 You are almost hit by a dart.
 You hit the dwarf!
 You hit the dwarf.
 You kill the dwarf!
 Sirius picks up a dagger.
 $ - 6 gold pieces (19 in total).
 Sirius drops a dagger.
 You kill the gnome!
 Welcome to experience level 3.
 Sirius misses the gnome lord.
 The gnome lord wields a dagger!
 The dagger welds itself to the gnome lord's hand!
 Sirius misses the gnome.
 You miss the gnome.
 Sirius misses the gnome.
 Sirius bites the gnome.
 The gnome is killed!
 The gnome lord thrusts his dagger.
 The gnome lord hits!
 The gnome lord thrusts his dagger.
 The gnome lord hits!
 Sirius misses the gnome lord.
 Sirius bites the gnome lord.
 The gnome lord is killed!
 You kill the giant rat!
 The giant rat bites!
 The giant rat bites!
 The giant rat misses!
 p - a scroll labeled LOREM IPSUM.
 q - a white gem.
 The giant rat bites!
 You die...
 Do you want your possessions identified? [ynq] (y) y
 Do you want to see your attributes? [ynq] (y) y
 Do you want an account of creatures vanquished? [ynaq] (y) y
 Do you want to see your conduct and achievements? [ynq] (y) y
 Do you want to see the dungeon overview? [ynq] (y) y

Inventory:
 Coins    ('$')
  $ - 19 gold pieces
 Weapons  (')')
  c - 56 +2 elven arrows (in quiver)
  d - 38 +0 elven arrows
  b - a +1 elven bow (alternate weapon; not wielded)
  n - 4 +0 darts
  a - a +1 elven dagger (weapon in left hand)
 Armor    ('[')
  m - a blessed +1 dwarvish cloak
  e - an uncursed +2 elven cloak (being worn)
 Comestibles  ('%')
  l - an uncursed cram ration
  g - 2 uncursed food rations
  f - 4 uncursed lembas wafers
  h - 2 uncursed lichen corpses
 Scrolls  ('?')
  p - a cursed scroll of gold detection
 Tools    ('(')
  k - an uncursed bell
  i - an uncursed tin opener
 Gems/Stones  ('*')
  o - an uncursed worthless piece of green glass
  q - an uncursed worthless piece of white glass

2932467751 the Ranger's attributes:

Background:
 You were a Lookout, a level 3 female elven Ranger.
 You were chaotic, on a mission for Mars
 who was opposed by Mercury (lawful) and Venus (neutral).
 You were left-handed.
 You were in the Gnomish Mines, on level 3.
 You entered the dungeon 488 turns ago.
 It was nighttime.
 There was a new moon in effect when your adventure ended.
 You had 43 experience points, 37 more were needed to attain level 4.

Basics:
 You had 0 out of 26 hit points.
 You had all 19 energy points (spell power).
 Your armor class was 7.
 Your wallet contained 19 zorkmids.
 Autopickup was off.

Final Characteristics:
 Your strength was 15 (limit:18).
 Your dexterity was 11 (limit:18).
 Your constitution was 13 (limit:16).
 Your intelligence was 16 (limit:20).
 Your wisdom was 13 (limit:20).
 Your charisma was 7 (limit:18).

Final Status:
 You weren't hungry.
 You were unencumbered.
 You were wielding a dagger.
 You had basic skill with dagger.

Final Attributes:
 You were fervently aligned.
 You had automatic searching.
 You had infravision.
 You were stealthy.
 You were warded.
 You are dead.

Miscellaneous:
 You didn't encounter any bones levels.
 Total elapsed playing time was 13 minutes and 14 seconds.

Major events:
 Turn
    1: 2932467751 the chaotic female elven Ranger entered the dungeon
  404: entered the Gnomish Mines
  463: attained the rank of Lookout (level 3)
  488: killed by a giant rat

You didn't know any spells.

Skills:
 Fighting Skills
   bare handed combat [Unskilled]
   riding             [Unskilled]
 Weapon Skills
   dagger             [Basic]
   knife              [Unskilled]
   axe                [Unskilled]
   pick-axe           [Unskilled]
   short sword        [Unskilled]
   morning star       [Unskilled]
   flail              [Unskilled]
   hammer             [Unskilled]
   quarterstaff       [Unskilled]
   polearms           [Unskilled]
   spear              [Unskilled]
   trident            [Unskilled]
   bow                [Basic]
   sling              [Unskilled]
   crossbow           [Unskilled]
   dart               [Unskilled]
   shuriken           [Unskilled]
   boomerang          [Unskilled]
   whip               [Unskilled]
 Spellcasting Skills
   healing spells     [Unskilled]
   divination spells  [Unskilled]
   escape spells      [Unskilled]

Voluntary challenges:
 Character rerolling was not enabled.
 You went without food.
 You were an atheist.
 You were illiterate.
 You never genocided any monsters.
 You never polymorphed an object.
 You never changed form.
 You used no wishes.
Achievements:
 You entered the Gnomish Mines.
 You attained the rank of Lookout.

 The Dungeons of Doom: levels 1 to 2
    Level 1:
       A grave.
    Level 2:
       A fountain.
       Stairs down to The Gnomish Mines.
 The Gnomish Mines:
    Level 3: <- You were here.
       Final resting place for
          you, killed by a giant rat.


Vanquished creatures:
  a gnome leader
  2 dwarves
  a giant rat
  6 gnomes
  a jackal
  2 grid bugs
  2 lichens
  2 newts
17 creatures vanquished.

No species were genocided or became extinct.

Game over:
                       ----------
                      /          \
                     /    REST    \
                    /      IN      \
                   /     PEACE      \
                  /                  \
                  |    2932467751    |
                  |      19 Au       |
                  |   killed by a    |
                  |    giant rat     |
                  |                  |
                  |                  |
                  |       2026       |
                 *|     *  *  *      | *
        _________)/\\_//(\/(/\)/\//\/|_)_______

Goodbye 2932467751 the Ranger...

You died in The Gnomish Mines on dungeon level 3 with 290 points,
and 19 pieces of gold, after 488 moves.
You were level 3 with a maximum of 26 hit points when you died.

